 Dungeon Crawl Stone Soup version 0.29.1-12-g30fa7ad0bf (webtiles) character file.

Game seed: 8018395392669915969

1120 xzight the Shield-Bearer (level 8, 0/67 HPs)
             Began as a Gnoll Fighter on Dec 29, 2022.
             Slain by Grinder (5 damage)
             ... on level 6 of the Dungeon.
             The game lasted 00:06:59 (5695 turns).

xzight the Shield-Bearer (Gnoll Fighter)            Turns: 5695, Time: 00:07:00

Health: 0/67       AC: 10    Str: 15    XL:     8   Next: 34%
Magic:  12/12      EV:  7    Int: 10    God:
Gold:   320        SH:  7    Dex: 12    Spells: 13/13 levels left

rFire   . . .      SeeInvis .   a - +0 trident
rCold   . . .      Faith    .   f - +2 buckler
rNeg    . . .      Spirit   .   k - +0 chain mail
rPois   .          Reflect  .   (no helmet)
rElec   .          Harm     .   (no cloak)
rCorr   .          Rampage  .   (no gloves)
Will    +....                   (no boots)
Stlth   ..........              (no amulet)
HPRegen 0.21/turn               W - ring of willpower
MPRegen 0.13/turn               (no ring)

@: no status effects
A: fangs 1, strong nose, distributed training
a: no special abilities


You were on level 6 of the Dungeon.
You visited 2 branches of the dungeon, and saw 7 of its levels.

You collected 320 gold pieces.


Innate Abilities, Weirdness & Mutations

You have very sharp teeth.
Your uncanny sense of smell can sniff out nearby items.
Your experience applies equally to all skills.


   Skills:
 + Level 7.4 Fighting
 + Level 3.3 Short Blades
 + Level 3.3 Long Blades
 + Level 3.3 Axes
 + Level 3.3 Maces & Flails
 + Level 5.7 Polearms
 + Level 3.3 Staves
 + Level 3.3 Ranged Weapons
 + Level 3.3 Throwing
 + Level 7.4 Armour
 + Level 3.3 Dodging
 + Level 3.3 Stealth
 + Level 7.4 Shields
 + Level 3.3 Unarmed Combat
 + Level 3.3 Spellcasting
 + Level 2.7 Conjurations
 + Level 2.7 Hexes
 + Level 2.7 Summonings
 + Level 2.7 Necromancy
 + Level 2.7 Translocations
 + Level 2.7 Transmutations
 + Level 2.7 Fire Magic
 + Level 2.7 Ice Magic
 + Level 2.7 Air Magic
 + Level 2.7 Earth Magic
 + Level 2.7 Poison Magic
 + Level 3.6 Invocations
 + Level 3.3 Evocations


You had 13 spell levels left.
You didn't know any spells.
Your spell library contained the following spells:

 Spells                   Type           Power      Damage    Failure   Level
 Apportation              Tloc           14%        N/A       86%         1
 Slow                     Hex            28%        N/A       86%         1
 Ensorcelled Hibernation  Hex/Ice        14%        N/A       95%         2
 Passwall                 Tmut/Erth      5%         N/A       95%         2
 Spider Form              Tmut/Pois      7%         N/A       99%         3
 Swiftness                Air            7%         N/A       99%         3
 Anguish                  Hex/Necr       3%         N/A       100%        4
 Alistair's Intoxication  Tmut/Pois      4%         N/A       100%        5
 Summon Forest            Summ/Tloc      3%         N/A       100%        5
 Eringya's Noxious Bog    Tmut/Pois      3%         N/A       100%        6
 Summon Hydra             Summ           3%         N/A       100%        7

Inventory:

Hand Weapons
 a - a +0 trident (weapon)
 b - a +1 hand axe of flaming
Missiles
 j - a throwing net {=f}
Armour
 f - a +2 buckler (worn)
 k - a +0 chain mail (worn)
 s - a +0 helmet
Jewellery
 w - a ring of willpower
 F - a ring of fire
 W - a ring of willpower (left hand)
Scrolls
 e - 10 scrolls of identify {unknown}
 g - 3 scrolls of magic mapping {unknown}
 i - 3 scrolls of teleportation {unknown}
 l - a scroll of noise {unknown}
 n - 3 scrolls of fear {unknown}
 p - 2 scrolls of enchant armour {unknown}
 q - a scroll of enchant weapon {unknown}
 v - a scroll of vulnerability {unknown}
 y - a scroll of poison {unknown}
 B - a scroll of immolation {unknown}
 C - 3 scrolls of torment {unknown}
Potions
 c - 2 potions of flight {unknown}
 d - 3 potions of might
 h - 2 potions of degeneration {unknown}
 o - a potion of magic {unknown}
 r - a potion of invisibility {unknown}
 t - a potion of cancellation {unknown}
 u - a potion of curing {@q1}
 x - a potion of ambrosia {unknown}
 z - a potion of berserk rage {unknown}
 A - a potion of brilliance {unknown}

Dungeon Overview and Level Annotations

Branches:
Dungeon (6/15)             Temple (1/1) D:5

Altars:
Ashenzari
Dithmenos
Elyvilon
Fedhas
Gozag
Kikubaaqudgha
Makhleb
Nemelex Xobeh
Okawaru
Qazlal
Ru
Sif Muna
Vehumet
Wu Jian
Yredelemnul
Zin

Annotations:
D:5 2 transporters
D:6 Grinder

# .# #. .# .## ..#
..####... .. ....#.##
.(.. ......####....
###...#......... #.
#.#@###.........
....#.oo5o..........
#....?..oo.o.........
##.....#.....!.......
#......#......[.###.
#...?.........#.###.
#..........#.........
#..............$.....
##............#....#.


You could see Grinder, 3 orc priests and 3 orcs.


Message History

* * * LOW HITPOINT WARNING * * *
An orc comes into view. It is wielding a +0 club.
Grinder barely misses you.
You closely miss Grinder.
The orc shouts!
Your bite misses Grinder.
Grinder is heavily wounded.
The orc priest hits you but does no damage. x2
Grinder hits you.
* * * LOW HITPOINT WARNING * * *
You closely miss Grinder.
Grinder is heavily wounded.
The orc priest hits you but does no damage.
The orc priest barely misses you. Grinder hits you but does no damage.
You puncture Grinder! Your bite misses Grinder.
Grinder is heavily wounded.
You block the orc priest's attack.
The orc priest mumbles some strange prayers to Beogh against you.
Beogh smites you!
* * * LOW HITPOINT WARNING * * *
Grinder gestures at you. You resist with almost no effort.
You barely miss Grinder.
Grinder is heavily wounded.
You block the orc priest's attack. The orc priest hits you with a +0 club.
* * * LOW HITPOINT WARNING * * *
Grinder hits you.
* * * LOW HITPOINT WARNING * * *
You writhe in agony.
You die...

Skill      XL: |  1  2  3  4  5  6  7 |
---------------+----------------------+-----
Invocations    | 1 2 3 |  3.6
Short Blades   | 1 2 3 |  3.3
Long Blades    | 1 2 3 |  3.3
Axes           | 1 2 3 |  3.3
Maces & Flails | 1 2 3 |  3.3
Staves         | 1 2 3 |  3.3
Ranged Weapons | 1 2 3 |  3.3
Throwing       | 1 2 3 |  3.3
Dodging        | 1 2 3 |  3.3
Stealth        | 1 2 3 |  3.3
Unarmed Combat | 1 2 3 |  3.3
Spellcasting   | 1 2 3 |  3.3
Conjurations   | 1 2 |  2.7
Hexes          | 1 2 |  2.7
Summonings     | 1 2 |  2.7
Necromancy     | 1 2 |  2.7
Translocations | 1 2 |  2.7
Transmutations | 1 2 |  2.7
Fire Magic     | 1 2 |  2.7
Ice Magic      | 1 2 |  2.7
Air Magic      | 1 2 |  2.7
Earth Magic    | 1 2 |  2.7
Poison Magic   | 1 2 |  2.7
Evocations     | 1 2 3 |  3.3
Polearms       | 5 |  5.7
Fighting       | 7 |  7.4
Armour         | 7 |  7.4
Shields        | 7 |  7.4

Action                   |  1- 3 |  4- 6 |  7- 9 || total
-------------------------+-------+-------+-------++-------
Melee: Trident           |   103 |   216 |   252 ||   571
       Bite              |     4 |    21 |    30 ||    55
Throw: Javelin           |     4 |     4 |     5 ||    13
Armor: Scale mail        |    23 |       |       ||    23
       Chain mail        |     5 |   115 |    88 ||   208
Dodge: Dodged            |    29 |    74 |    59 ||   162
Block: Buckler           |    19 |    78 |    75 ||   172

Levels and vault maps discovered:
D:1:      lightli_arrival_maybe_door_vault, layout_basic,
          amcnicky_mini_corridor_feature, item_on_display_b
D:2:      layout_loops_ring, shapermc_ecumenical_altar_rom_forum, uniq_sigmund
D:3:      layout_loops_ring, supply_closet_lemuel, dreamdust_princess_bridge,
          uniq_jessica, uniq_terence, uniq_robin
D:4:      layout_rooms, st_stairs_10
D:5:      layout_loops_corners, gammafunk_temple_overflow_arena,
          minmay_temple_entry_glass, portal_sewer_entry_e, uniq_eustachio
D:6:      layout_cave_pools, serial_shops, shop, uniq_grinder
Temple:   minmay_freezing_vapour_temple

Notes
Turn   | Place    | Note
-------+----------+-------------------------------------------
     0 | D:1      | xzight the Gnoll Fighter began the quest for the Orb.
     0 | D:1      | Reached XP level 1. HP: 23/23 MP: 1/1
   124 | D:1      | Reached XP level 2. HP: 29/29 MP: 2/2
   654 | D:2      | Reached XP level 3. HP: 35/35 MP: 3/3
   659 | D:2      | Found a faded altar of an unknown god.
   666 | D:2      | Got Plato's Parchment of Hexes
   907 | D:2      | Reached skill level 1 in Invocations
   952 | D:2      | Noticed Sigmund
   969 | D:2      | Killed Sigmund
   970 | D:2      | Reached skill level 1 in Short Blades
   970 | D:2      | Reached skill level 1 in Long Blades
   970 | D:2      | Reached skill level 1 in Axes
   970 | D:2      | Reached skill level 1 in Maces & Flails
   970 | D:2      | Reached skill level 1 in Staves
   970 | D:2      | Reached skill level 1 in Ranged Weapons
   970 | D:2      | Reached skill level 1 in Throwing
   970 | D:2      | Reached skill level 1 in Dodging
   970 | D:2      | Reached skill level 1 in Stealth
   970 | D:2      | Reached skill level 1 in Unarmed Combat
   970 | D:2      | Reached skill level 1 in Spellcasting
   970 | D:2      | Reached skill level 1 in Conjurations
   970 | D:2      | Reached skill level 1 in Hexes
   970 | D:2      | Reached skill level 1 in Summonings
   970 | D:2      | Reached skill level 1 in Necromancy
   970 | D:2      | Reached skill level 1 in Translocations
   970 | D:2      | Reached skill level 1 in Transmutations
   970 | D:2      | Reached skill level 1 in Fire Magic
   970 | D:2      | Reached skill level 1 in Ice Magic
   970 | D:2      | Reached skill level 1 in Air Magic
   970 | D:2      | Reached skill level 1 in Earth Magic
   970 | D:2      | Reached skill level 1 in Poison Magic
   970 | D:2      | Reached skill level 1 in Evocations
   970 | D:2      | Reached XP level 4. HP: 22/41 MP: 4/6
   970 | D:2      | Reached XP level 5. HP: 26/47 MP: 4/7
  1505 | D:3      | Noticed Robin
  1531 | D:3      | Killed Robin
  1532 | D:3      | Reached skill level 2 in Invocations
  1712 | D:3      | Noticed Terence
  1736 | D:3      | Killed Terence
  1737 | D:3      | Reached XP level 6. HP: 21/53 MP: 8/8
  1966 | D:3      | Noticed Jessica
  1967 | D:3      | Killed Jessica
  1968 | D:3      | Reached skill level 2 in Short Blades
  1968 | D:3      | Reached skill level 2 in Long Blades
  1968 | D:3      | Reached skill level 2 in Axes
  1968 | D:3      | Reached skill level 2 in Maces & Flails
  1968 | D:3      | Reached skill level 5 in Polearms
  1968 | D:3      | Reached skill level 2 in Staves
  1968 | D:3      | Reached skill level 2 in Ranged Weapons
  1968 | D:3      | Reached skill level 2 in Throwing
  1968 | D:3      | Reached skill level 2 in Dodging
  1968 | D:3      | Reached skill level 2 in Stealth
  1968 | D:3      | Reached skill level 2 in Unarmed Combat
  1968 | D:3      | Reached skill level 2 in Spellcasting
  1968 | D:3      | Reached skill level 2 in Evocations
  2615 | D:4      | Identified a +1 robe of resistance
  3403 | D:4      | Reached skill level 7 in Fighting
  3403 | D:4      | Reached skill level 7 in Armour
  3403 | D:4      | Reached skill level 7 in Shields
  3403 | D:4      | Reached XP level 7. HP: 60/60 MP: 10/10
  3414 | D:4      | Reached skill level 2 in Conjurations
  3414 | D:4      | Reached skill level 2 in Hexes
  3414 | D:4      | Reached skill level 2 in Summonings
  3414 | D:4      | Reached skill level 2 in Necromancy
  3414 | D:4      | Reached skill level 2 in Translocations
  3414 | D:4      | Reached skill level 2 in Transmutations
  3414 | D:4      | Reached skill level 2 in Fire Magic
  3414 | D:4      | Reached skill level 2 in Ice Magic
  3414 | D:4      | Reached skill level 2 in Air Magic
  3414 | D:4      | Reached skill level 2 in Earth Magic
  3414 | D:4      | Reached skill level 2 in Poison Magic
  3707 | D:5      | Entered Level 5 of the Dungeon
  3771 | D:5      | Reached skill level 3 in Invocations
  4019 | D:5      | Noticed Eustachio
  4022 | D:5      | Found a transporter.
  4091 | D:5      | Killed Eustachio
  4252 | D:5      | Found a staircase to the Ecumenical Temple.
  4347 | Temple   | Entered the Ecumenical Temple
  4414 | D:5      | Reached skill level 3 in Short Blades
  4414 | D:5      | Reached skill level 3 in Long Blades
  4414 | D:5      | Reached skill level 3 in Axes
  4414 | D:5      | Reached skill level 3 in Maces & Flails
  4414 | D:5      | Reached skill level 3 in Staves
  4414 | D:5      | Reached skill level 3 in Ranged Weapons
  4414 | D:5      | Reached skill level 3 in Throwing
  4414 | D:5      | Reached skill level 3 in Dodging
  4414 | D:5      | Reached skill level 3 in Stealth
  4414 | D:5      | Reached skill level 3 in Unarmed Combat
  4414 | D:5      | Reached skill level 3 in Spellcasting
  4414 | D:5      | Reached skill level 3 in Evocations
  4414 | D:5      | Reached XP level 8. HP: 66/67 MP: 12/12
  4825 | D:5      | Noticed a yak
  4827 | D:5      | Noticed a yak
  4828 | D:5      | Found a radiant altar of Vehumet.
  4855 | D:5      | Found a transporter.
  5016 | D:6      | Noticed Grinder
  5046 | D:6      | Paralysed by Grinder for 5 turns
  5695 | D:6      | HP: 6/67 [orc priest/+0 club (2)]
  5695 | D:6      | Slain by Grinder

Vanquished Creatures
  Sigmund (D:2)
  Eustachio (D:5)
  An orc warrior (D:5)
  An ogre (D:4)
  A phantom (D:5)
  2 orc priests (D:5)
  4 hounds
  Jessica (D:3)
  An iguana (D:6)
  Terence (D:3)
  7 orc wizards
  Robin (D:3)
  3 adders
  An ufetubus (D:4)
  3 worms
  4 dart slugs
  13 orcs
  4 endoplasms
  2 giant cockroaches
  15 goblins
  10 hobgoblins
  8 jackals
  2 kobolds
  4 quokkas
  5 ball pythons
  5 bats
  A frilled lizard (D:2)
  3 rats
105 creatures vanquished.

Table legend: (Time is in decaauts)
 A = Elapsed time spent in this place.
 B = Non-inter-level travel time spent in this place.
 C = Inter-level travel time spent in this place.
 D = Time resting spent in this place.
 E = Time spent auto-exploring this place.
 F = Levels seen in this place.
 G = Mean time per level.
                   A        B        C        D        E       F      G
               +--------+--------+--------+--------+--------+-----+--------+
         Total |   5754 |   5543 |    211 |   1129 |   3335 |   7 |  822.0 |
       Dungeon |   5735 |   5524 |    211 |   1129 |   3331 |   6 |  955.8 |
        Temple |     19 |     19 |      0 |      0 |      4 |   1 |   19.0 |
               +--------+--------+--------+--------+--------+-----+--------+

Top non-repeatable levels by time:
     D:5: 1925 daAuts
     D:3: 1763 daAuts
     D:2: 777 daAuts
     D:1: 629 daAuts
     D:4: 576 daAuts
     D:6: 63 daAuts
  Temple: 19 daAuts

Table legend:
 A = Non-vault XP
 B = Vault XP
 C = Vault XP percentage of total XP
 D = Non-vault monster count
 E = Vault monster count
 F = Vault count percentage of total count
                 A         B        C        D         E       F
            +---------+---------+-------+---------+---------+-------
      Total |    1083 |     518 |  32.4 |      89 |      16 |  15.2
            +---------+---------+-------+---------+---------+-------
        D:1 |      33 |       0 |   0.0 |      19 |       0 |   0.0
        D:2 |      20 |     223 |  91.8 |      10 |       1 |   9.1
        D:3 |      88 |     106 |  54.6 |      24 |      13 |  35.1
        D:4 |     351 |       4 |   1.1 |      17 |       1 |   5.6
        D:5 |     516 |     185 |  26.4 |      16 |       1 |   5.9
        D:6 |      40 |       0 |   0.0 |       2 |       0 |   0.0
     Temple |      35 |       0 |   0.0 |       1 |       0 |   0.0
            +---------+---------+-------+---------+---------+-------
